 Dungeon Crawl Stone Soup version 0.26.1-15-g04117e645d (webtiles) character file.

Game seed: 12264356934712980479

263626 fleeber the Warrior (level 19, -14/185 HPs)
             Began as a Minotaur Berserker on July 4, 2022.
             Was a High Priest of Trog.
             Succumbed to a nagaraja's bolt of poison
             ... on level 3 of the Snake Pit on Oct 23, 2022.
             The game lasted 05:19:10 (48833 turns).

fleeber the Warrior (Minotaur Berserker)           Turns: 48833, Time: 05:19:14

Health: -14/185    AC: 37    Str: 35    XL:     19   Next: 63%
Magic:  18/18      EV: 16    Int: 11    God:    Trog [*****.]
Gold:   1694       SH: 18    Dex: 17    Spells: 18/18 levels left

rFire    + + +     SeeInvis +   s - +4 broad axe (vorpal)
rCold    + + .     Faith    .   U - +2 shield of Resistance {rF++ rC++ Will++}
rNeg     . . .     Spirit   .   I - +7 chain mail of Ethereal Leaves {Int+6}
rPois    .         Reflect  .   (helmet restricted)
rElec    .         Harm     .   M - +1 cloak
rCorr    .         Rampage  .   h - +2 pair of gloves
Will     +++..                  Y - +2 pair of boots of the Skies Above {Regen+ Str+2}
Stlth    ..........             W - amulet of Pytiahe {*Slow +Blink rF++ Regen+ Dex+3}
HPRegen  1.20/turn              J - +4 ring of protection
MPRegen  0.16/turn              A - ring of Disaster {Str+4 Dex+4 SInv}

@: lethally poisoned (-14 -> -84), slowed, very slow
A: retaliatory headbutt, horns 2, iridescent scales 1
}: 1/15 runes: barnacled
a: Renounce Religion, Evoke Blink, Berserk, Trog's Hand, Brothers in Arms


You were on level 3 of the Snake Pit.
You worshipped Trog.
Trog was extremely pleased with you.
You visited 6 branches of the dungeon, and saw 33 of its levels.
You visited the Abyss 1 time.

You collected 3421 gold pieces.
You spent 1727 gold pieces at shops.

Inventory:

Hand Weapons
 s - a +4 vorpal broad axe (weapon)
Missiles
 d - 1049 stones (quivered)
Armour
 h - a +2 pair of gloves (worn)
 I - the +7 chain mail of Ethereal Leaves (worn) {Int+6}
   (You found it on level 13 of the Dungeon)

   It affects your intelligence (+6).
 M - a +1 cloak (worn)
 U - the +2 shield of Resistance (worn) {rF++ rC++ Will++}
   (You bought it in a shop on level 2 of the Orcish Mines)

   It greatly protects you from fire.
   It greatly protects you from cold.
   It affects your willpower, your defense against some magical effects.
 Y - the +2 pair of boots of the Skies Above (worn) {Regen+ Str+2}
   (You found it on level 4 of the Snake Pit)

   It affects your strength (+2).
   It increases your rate of regeneration.
 Z - a +2 plate armour of fire resistance
Jewellery
 A - the ring of Disaster (right hand) {Str+4 Dex+4 SInv}
   (You found it on level 4 of the Dungeon)

   [ring of see invisible]

   It affects your strength (+4).
   It affects your dexterity (+4).
   It lets you see invisible.
 J - a +4 ring of protection (left hand)
 W - the amulet of Pytiahe (around neck) {*Slow +Blink rF++ Regen+ Dex+3}
   (You found it on level 12 of the Dungeon)

   [amulet of regeneration]

   It affects your dexterity (+3).
   It greatly protects you from fire.
   It lets you blink.
   It increases your rate of regeneration.
   It may slow you when you take damage.
Wands
 b - a wand of random effects (39)
 p - a wand of polymorph (38)
 v - a wand of iceblast (15)
 w - a wand of paralysis (22)
 D - a wand of disintegration (17)
 E - a wand of flame (45)
 H - a wand of digging (11)
 L - a wand of acid (30)
 V - a wand of enslavement (10)
Scrolls
 f - a scroll of random uselessness
 i - 10 scrolls of remove curse
 j - 3 scrolls of fear
 k - a scroll of fog
 l - 3 scrolls of noise
 m - 9 scrolls of teleportation
 n - 3 scrolls of immolation
 o - 4 scrolls of enchant armour
 q - 3 scrolls of enchant weapon
 r - 20 scrolls of identify
 t - 4 scrolls of blinking
 x - 4 scrolls of amnesia
 y - a scroll of magic mapping
 O - a scroll of holy word
 Q - a scroll of torment
 R - a scroll of vulnerability
 S - a scroll of brand weapon
 X - a scroll of silence
Potions
 a - 7 potions of lignification
 c - 8 potions of heal wounds
 e - 8 potions of curing
 g - 3 potions of ambrosia
 u - 2 potions of invisibility
 z - 3 potions of cancellation
 B - 4 potions of magic
 C - 3 potions of flight
 F - 2 potions of attraction
 G - 3 potions of haste
 K - a potion of berserk rage
 N - 4 potions of resistance
 P - 2 potions of brilliance
 T - 2 potions of might


   Skills:
 + Level 20.1 Fighting
 - Level 20.0 Axes
 + Level 17.1 Armour
 + Level 9.6 Dodging
 - Level 15.0 Shields
 * Level 14.5 Evocations


You had 18 spell levels left.
You didn't know any spells.
Your spell library was empty.

Dungeon Overview and Level Annotations

Branches:
Dungeon (15/15)            Temple (0/1) D:6            Lair (6/6) D:8
 Shoals (4/4) Lair:4        Snake (4/4) Lair:4        Slime (0/5) Lair:6
    Orc (2/2) D:9             Elf (2/3) Orc:2        Vaults (0/5) D:13
 Depths (0/5) D:15

Altars:
Ashenzari
Cheibriados
Dithmenos
Elyvilon
Fedhas
Hepliaklqana
Nemelex Xobeh
Okawaru
Qazlal
Uskayaw
Vehumet
Wu Jian
Xom
Yredelemnul
The Shining One
Beogh

Shops:
D:9 [   D:13 *   Orc:2 =?([   Shoals:4 (   Snake:1 *[:[*

Annotations:
D:13 exclusion: 2 obsidian statues
Shoals:1 Roxanne
Shoals:4 exclusion: oklob plant
Snake:1 exclusion: ice statue


Innate Abilities, Weirdness & Mutations

You reflexively headbutt those who attack you in melee.
You have a pair of horns on your head.
You are partially covered in iridescent scales. (AC +2)


Message History

The nagaraja seems to speed up.
Your two-headed ogre barely misses the guardian serpent.
Your two-headed ogre hits the guardian serpent with a +0 dire flail!
A guardian serpent comes into view.
The guardian serpent hits your two-headed ogre!
You block the nagaraja's attack.
There is a stone staircase leading up, spattered with blood here.
* * * LOW HITPOINT WARNING * * *
You feel extremely sick.
Your two-headed ogre hits the guardian serpent with a +0 giant club!!
The guardian serpent dies!
Trog accepts your kill.
Trog appreciates your killing of a magic user.
You block the nagaraja's attack.
The nagaraja gestures at you while chanting.
The bolt of poison hits you!
You are more poisoned.
* * * LOW HITPOINT WARNING * * *
You climb upwards.
You die...

.................#))_))#
#.........##....###...##
##[....[........# #..##
...[..#.........###.##
..#[..#.........#...#
..........##..#.....###
.......#####.###......##
#(......##.............#
##..........####@.....##
............# #......#
.####...#...# #......#
## #...#...# #...####
######### #####


There were no monsters in sight!

Vanquished Creatures
  Vashnia (Snake:3)
  A lich (Abyss:3)
  Asterion (Snake:4)
  A deep elf blademaster (Elf:2)
  The ghost of oc3rt the Imperceptible, an adept KoHu of Hepliaklqana (Snake:3)
  Polyphemus (Shoals:2)
  A tentacled starspawn (Abyss:3)
  Donald (Orc:1)
  Kirke (Shoals:1)
  Agnes (Snake:4)
  12 nagarajas
  A deep elf sorcerer (Elf:1)
  Louise (Snake:4)
  A deep elf demonologist (Elf:1)
  Azrael (D:12)
  A merfolk javelineer (Shoals:4)
  5 merfolk impalers
  2 deep elf death magi (Elf:1)
  A yaktaur captain (D:15)
  A great orb of eyes (Abyss:3)
  A rakshasa (Abyss:3)
  A vault guard (D:13)
  An alligator snapping turtle (Shoals:4)
  6 hydras
  5 merfolk avatars
  16 two-headed ogres
  A boulder beetle (D:14)
  12 naga warriors
  4 merfolk aquamancers
  A satyr (Shoals:2)
  4 centaur warriors
  13 anacondas
  A death knight (Abyss:3)
  24 dancing weapons
  2 ogre magi
  7 death yaks
  3 orc high priests
  7 shock serpents
  3 thrashing horrors (Abyss:3)
  18 deep elf knights
  A wretched star (Abyss:3)
  10 naga sharpshooters
  A shadow wraith (Abyss:3)
  An iron troll (Orc:1)
  4 salamander mystics
  3 unseen horrors
  6 large abominations (Abyss:3)
  2 deep trolls
  2 unseen horrors (shapeshifter)
  20 sea snakes
  The ghost of BeavisTheGrey the Cudgeller, a novice TrMo of Yredelemnul (D:6)
  13 deep elf archers
  A flayed ghost (Abyss:3)
  4 naga ritualists
  2 lindwurms (Lair:6)
  12 mana vipers
  14 manticores
  14 harpies
  3 orc sorcerers (Orc:1)
  46 deep elf magi
  4 cyclopes
  9 salamanders
  An ugly thing (D:11)
  11 fauns
  9 elephants
  A rust devil (Abyss:3)
  38 black mambas
  10 water nymphs
  7 merfolk sirens
  9 guardian serpents
  13 naga magi
  Psyche (D:12)
  3 molten gargoyles
  A smoke demon (Abyss:3)
  8 cane toads
  7 centaur skeletons
  A gargoyle (D:10)
  An orange demon (Abyss:3)
  5 rime drakes
  A kobold demonologist (D:15)
  10 komodo dragons
  14 trolls
  2 polar bears (Lair:5)
  23 merfolk
  A meliai (D:13)
  6 wind drakes
  3 hornets
  28 blink frogs
  22 dream sheep
  12 snapping turtles
  A flying skull (Abyss:3)
  12 water elementals
  A shadow (D:13)
  4 wyverns
  A centaur simulacrum (D:14)
  An air elemental (Elf:2)
  6 wraiths
  35 yaks
  4 fire elementals
  6 steam dragons
  A neqoxec (Abyss:3)
  3 hogs (Shoals:1)
  2 vampire mosquitoes (D:14)
  5 basilisks
  A small abomination (Abyss:3)
  2 soldier ants
  32 nagas
  4 wargs
  6 hell hounds
  14 water moccasins
  Duvessa (D:6)
  4 ice beasts
  2 phantoms
  2 eyes of draining (D:14)
  20 orc warriors
  26 ogres
  5 sky beasts
  18 wolves
  13 centaurs
  4 big kobolds
  15 bullfrogs
  An earth elemental (Elf:2)
  Dowan (D:6)
  3 scorpions
  2 wyvern skeletons
  16 killer bees
  21 wights
  4 howler monkeys
  10 electric eels
  3 starcursed masses (Abyss:3)
  2 centaur zombies
  11 lava snakes
  4 hounds
  5 jellies
  11 orc priests
  2 bullfrog skeletons
  5 iguanas
  16 orc wizards
  7 hell rats (Lair:2)
  8 worker ants
  2 hound zombies
  2 hound skeletons (D:7)
  A mummy (D:6)
  A worker ant zombie (D:11)
  3 gnolls (D:5)
  11 adders
  2 shadow imps
  A white imp (Abyss:3)
  An ooze (D:5)
  3 adder zombies
  2 worms
  4 dart slugs
  9 leopard geckos
  77 orcs
  3 bats (D:2)
  3 giant cockroaches
  5 goblins
  3 hobgoblins
  3 jackals
  12 kobolds
  8 quokkas
  2 ball pythons (Snake:4)
  A ball python skeleton (D:4)
  2 frilled lizards (D:4)
  A leopard gecko skeleton (D:7)
  6 rats
1138 creatures vanquished.

Vanquished Creatures (collateral kills)
  2 nagarajas (Snake:4)
  2 merfolk javelineers (Shoals:4)
  A fire dragon (Lair:6)
  A catoblepas (Shoals:2)
  A merfolk aquamancer (Shoals:4)
  A dancing weapon (Elf:2)
  2 death yaks (Shoals:2)
  A naga sharpshooter (Snake:4)
  2 thrashing horrors (Abyss:3)
  2 deep elf knights (Elf:2)
  A deep elf archer (Elf:2)
  2 harpies (Shoals:2)
  2 deep elf magi (Elf:2)
  A naga mage (Snake:4)
  A guardian serpent (Snake:4)
  A merfolk (Shoals:4)
  2 large abominations (Abyss:3)
  A naga (Snake:4)
26 creatures vanquished.

Vanquished Creatures (others)
  A nagaraja (Snake:4)
  A naga warrior (Snake:4)
  A harpy (Shoals:4)
  A mana viper (Snake:4)
  2 humans (Shoals:1)
  An orc (Orc:1)
  3 bushes (Lair:6)
  47 fungi
  146 plants
  2 starspawn tentacles (Abyss:3)
  10 tentacles (Shoals:4)
215 creatures vanquished.

Grand Total: 1379 creatures vanquished

Notes
Turn   | Place    | Note
-------+----------+-------------------------------------------
     0 | D:1      | fleeber the Minotaur Berserker began the quest for the Orb.
     0 | D:1      | Reached XP level 1. HP: 19/19 MP: 0/0
   532 | D:1      | Reached XP level 2. HP: 26/27 MP: 1/1
  1217 | D:1      | Reached skill level 1 in Shields
  1217 | D:1      | Reached XP level 3. HP: 33/33 MP: 2/2
  1381 | D:2      | Found a white marble altar of Elyvilon.
  1537 | D:2      | Reached ** piety under Trog
  1618 | D:2      | Found an ornate altar of the Wu Jian Council.
  1657 | D:2      | Found a blossoming altar of Fedhas.
  1840 | D:3      | You fall into a shaft and drop 3 floors!
  1855 | D:5      | Entered Level 5 of the Dungeon
  1860 | D:5      | Noticed an ice beast
  1869 | D:5      | Reached XP level 4. HP: 41/41 MP: 3/3
  1870 | D:5      | Killed an ice beast
  1871 | D:5      | Reached skill level 5 in Axes
  1871 | D:5      | Reached XP level 5. HP: 47/47 MP: 4/4
  2425 | D:3      | Found a snail-covered altar of Cheibriados.
  2434 | D:3      | Found a glowing golden altar of the Shining One.
  2517 | D:3      | Found a sparkling altar of Nemelex Xobeh.
  2720 | D:4      | Noticed an ogre
  2734 | D:4      | Killed an ogre
  2735 | D:4      | Reached skill level 5 in Fighting
  2735 | D:4      | Reached XP level 6. HP: 11/56 MP: 5/5
  3066 | D:4      | Reached skill level 1 in Evocations
  3700 | D:4      | Got a fine marble ring
  3707 | D:4      | Identified the ring of Disaster {Str+4 Dex+4 SInv} (You
                  | found it on level 4 of the Dungeon)
  4054 | D:5      | Reached XP level 7. HP: 25/61 MP: 6/6
  4404 | D:5      | Identified the +7 mace of Dismemberment {pain, +Rage rPois
                  | rN+}
  4627 | D:5      | Reached *** piety under Trog
  5090 | D:6      | Found a runed translucent door.
  5096 | D:6      | Noticed BeavisTheGrey's ghost (novice TrMo)
  5101 | D:6      | Found a staircase to the Ecumenical Temple.
  5101 | D:6      | Noticed Duvessa
  5102 | D:6      | Noticed Dowan
  5142 | D:6      | Killed Duvessa
  5143 | D:6      | Reached XP level 8. HP: 54/69 MP: 7/7
  5143 | D:6      | Killed Dowan
  5144 | D:6      | Reached skill level 5 in Armour
  5314 | D:6      | Got a faintly humming buckler
  5325 | D:6      | Identified the cursed +0 buckler "Fagesub" {Harm *Slow
                  | +Blink Str+9 Slay-2} (You found it on level 6 of the
                  | Dungeon)
  5364 | D:6      | Reached skill level 5 in Shields
  5736 | D:6      | You fall into a shaft and drop 1 floor!
  6035 | D:6      | Found a stormy altar of Qazlal.
  6035 | D:6      | Found a hide-covered altar of Uskayaw.
  6035 | D:6      | Found a broken altar of Ashenzari.
  6035 | D:6      | Found a hazy altar of Hepliaklqana.
  6198 | D:7      | Reached XP level 9. HP: 78/78 MP: 8/8
  6232 | D:6      | Reached **** piety under Trog
  7204 | D:6      | Killed BeavisTheGrey's ghost
  7550 | D:8      | Noticed a two-headed ogre
  7571 | D:8      | Killed a two-headed ogre
  7572 | D:8      | Reached skill level 5 in Evocations
  7713 | D:8      | Found a staircase to the Lair.
  7782 | D:8      | Found a radiant altar of Vehumet.
  7934 | D:9      | Found Binavvy's Armour Emporium.
  7946 | D:9      | Reached XP level 10. HP: 76/86 MP: 9/9
  8213 | D:9      | Noticed a two-headed ogre
  8287 | D:9      | Killed a two-headed ogre
  8288 | D:9      | Reached skill level 10 in Axes
  8499 | D:9      | Found a shadowy altar of Dithmenos.
  8590 | D:9      | Found a staircase to the Orcish Mines.
  8598 | D:9      | Reached ***** piety under Trog
  8766 | D:9      | Found an iron altar of Okawaru.
  9103 | D:10     | Entered Level 10 of the Dungeon
  9245 | D:10     | Noticed a gargoyle
  9279 | D:10     | Killed a gargoyle
  9284 | D:10     | Reached XP level 11. HP: 94/94 MP: 10/10
 10075 | Lair:1   | Entered Level 1 of the Lair of Beasts
 10725 | Lair:1   | Reached skill level 10 in Shields
 11004 | Lair:1   | Reached skill level 5 in Dodging
 13211 | Lair:2   | Reached XP level 12. HP: 80/104 MP: 11/11
 14754 | Lair:4   | Found a staircase to the Shoals.
 14820 | Lair:4   | Reached skill level 10 in Armour
 14978 | Lair:4   | Found a staircase to the Snake Pit.
 16804 | Lair:5   | Reached XP level 13. HP: 79/113 MP: 12/12
 17054 | Lair:5   | Found a white marble altar of Elyvilon.
 17510 | Lair:5   | Reached skill level 10 in Fighting
 17689 | Lair:6   | Entered Level 6 of the Lair of Beasts
 17699 | Lair:6   | Received a gift from Trog
 17764 | Lair:6   | Found a staircase to the Slime Pits.
 20723 | Lair:6   | Found a large runed translucent door.
 20723 | Lair:6   | Found a large runed translucent door.
 21136 | Lair:6   | Reached skill level 15 in Axes
 21413 | Lair:6   | Received a gift from Trog
 21761 | Lair:6   | Noticed a fire dragon
 22041 | Lair:6   | Killed a fire dragon
 22596 | D:11     | Reached XP level 14. HP: 122/122 MP: 13/13
 23499 | D:12     | Noticed Psyche
 23504 | D:12     | Killed Psyche
 23950 | D:12     | Got a fine zirconium amulet
 24007 | D:12     | Identified the amulet of Pytiahe {*Slow +Blink rF++ Regen+
                  | Dex+3} (You found it on level 12 of the Dungeon)
 24408 | Orc:1    | Entered Level 1 of the Orcish Mines
 24524 | Orc:1    | Found a roughly hewn altar of Beogh.
 24554 | Orc:1    | Received a gift from Trog
 25052 | Orc:2    | Entered Level 2 of the Orcish Mines
 25224 | Orc:1    | Reached skill level 10 in Evocations
 25407 | Orc:2    | Noticed Donald
 25413 | Orc:1    | Reached ****** piety under Trog
 25450 | Orc:1    | Killed Donald
 25669 | Orc:2    | Found Potoot's Jewellery Emporium.
 25740 | Orc:2    | Found Kec Kata's Magic Scroll Boutique.
 25749 | Orc:2    | Found Hampuyk's Weapon Shoppe.
 25750 | Orc:2    | Found Fyud Pyi's Armour Shoppe.
 25854 | Orc:2    | Bought a scroll of enchant armour for 120 gold pieces
 25875 | Orc:2    | Bought the +2 shield of Resistance {rF++ rC++ Will++} for
                  | 1103 gold pieces
 25875 | Orc:2    | Found the +2 shield of Resistance {rF++ rC++ Will++}
 26085 | Orc:2    | Found a staircase to the Elven Halls.
 26495 | D:13     | Noticed Azrael
 26684 | D:12     | Killed Azrael
 27021 | D:13     | Got a masterwork chain mail
 27032 | D:13     | Identified the +7 chain mail of Ethereal Leaves {Int+6}
                  | (You found it on level 13 of the Dungeon)
 27176 | D:13     | Found Vafon's General Store.
 27293 | D:13     | Reached XP level 15. HP: 126/130 MP: 14/14
 27452 | D:13     | Found a gate to the Vaults.
 27689 | D:14     | Received a gift from Trog
 27692 | D:14     | Got a smoking broad axe {god gift}
 27693 | D:14     | Identified the +2 broad axe of the Evil Eye {vorpal, rF+}
                  | (Trog gifted it to you on level 14 of the Dungeon)
 27949 | D:14     | Reached skill level 15 in Shields
 28610 | D:15     | Entered Level 15 of the Dungeon
 29574 | D:15     | Found a staircase to the Depths.
 29912 | Shoals:1 | Entered Level 1 of the Shoals
 30027 | Shoals:1 | Received a gift from Trog
 30480 | Shoals:1 | Noticed Roxanne
 30863 | Shoals:1 | Noticed Kirke
 30893 | Shoals:1 | Killed Kirke
 31617 | Shoals:2 | Got an encrusted war axe
 31618 | Shoals:2 | Identified the +1 war axe "Hame" {freeze, rF++ Will- Str+7}
                  | (You found it on level 2 of the Shoals)
 31844 | Shoals:1 | Reached XP level 16. HP: 128/141 MP: 15/15
 32289 | Shoals:2 | Noticed Polyphemus
 32308 | Shoals:2 | Killed Polyphemus
 32650 | Shoals:2 | Received a gift from Trog
 33914 | Snake:1  | Entered Level 1 of the Snake Pit
 33929 | Snake:1  | Found Kasifir's Armour Shoppe.
 34153 | Snake:1  | Found Acexicim's Antique Armour Emporium.
 34193 | Snake:1  | Found Rionaer's General Store.
 34245 | Snake:1  | Bought a scroll of blinking for 97 gold pieces
 34245 | Snake:1  | Bought a scroll of silence for 97 gold pieces
 34270 | Snake:1  | Bought a pair of embroidered gloves for 180 gold pieces
 34680 | Snake:1  | Found Coxusk's Book Shoppe.
 34837 | Snake:1  | Found Musoegeg's Assorted Antiques.
 35025 | Snake:1  | Bought a notched silver ring for 130 gold pieces
 36066 | Snake:2  | Received a gift from Trog
 36067 | Snake:2  | Reached XP level 17. HP: 150/152 MP: 16/16
 37606 | Snake:3  | Noticed Vashnia
 37953 | Snake:3  | Found a shimmering altar of Xom.
 38507 | Snake:3  | Reached skill level 15 in Fighting
 38584 | Snake:3  | Killed Vashnia
 39299 | Elf:1    | Entered Level 1 of the Elven Halls
 39316 | Elf:1    | Received a gift from Trog
 39594 | Elf:1    | Reached skill level 15 in Armour
 39835 | Elf:1    | You fall into a shaft and drop 1 floor!
 40001 | Elf:1    | Received a gift from Trog
 40451 | Elf:1    | Got a bloodstained plate armour
 40462 | Elf:1    | Identified the cursed +0 plate armour of Ymuti {Str+3
                  | Int+4} (You found it on level 1 of the Elven Halls)
 40545 | Elf:1    | Noticed a Tzitzimitl
 40688 | Elf:1    | Reached XP level 18. HP: 162/168 MP: 17/17
 41589 | Elf:2    | Received a gift from Trog
 41831 | Elf:2    | Found a runed translucent gate.
 41831 | Elf:2    | Found a runed translucent gate.
 41846 | Elf:2    | Found a runed translucent gate.
 42308 | Elf:2    | Received a gift from Trog
 43107 | Shoals:4 | Entered Level 4 of the Shoals
 43309 | Shoals:4 | Found Rok Isik's Weapon Shop.
 43329 | Shoals:4 | Cast into level 3 of the Abyss (merfolk impaler)
 43440 | Abyss:3  | Gained mutation: You are partially covered in iridescent
                  | scales. (AC +2) [a neqoxec]
 43509 | Abyss:3  | HP: 10/258 [mirror damage (18)]
 43585 | Shoals:4 | Escaped the Abyss
 44164 | Shoals:4 | Found a basalt altar of Yredelemnul.
 44321 | Shoals:4 | Received a gift from Trog
 45148 | Shoals:4 | Reached XP level 19. HP: 119/175 MP: 18/18
 45357 | Shoals:4 | Got a barnacled rune of Zot
 45681 | Snake:4  | Entered Level 4 of the Snake Pit
 45904 | Snake:4  | Noticed Louise
 46621 | Snake:4  | Noticed Asterion
 46638 | Snake:4  | Killed Asterion
 47168 | Snake:4  | Noticed Agnes
 47179 | Snake:4  | Killed Agnes
 47558 | Snake:4  | Noticed oc3rt's ghost (adept KoHu)
 47570 | Snake:4  | Found a runed translucent gate.
 47570 | Snake:4  | Found a runed translucent gate.
 47570 | Snake:4  | Found a runed translucent gate.
 47803 | Snake:4  | Got a pair of encrusted boots
 47814 | Snake:4  | Identified the +2 pair of boots of the Skies Above {Regen+
                  | Str+2} (You found it on level 4 of the Snake Pit)
 48284 | Snake:3  | Killed oc3rt's ghost
 48639 | Snake:4  | Killed Louise
 48832 | Snake:4  | HP: 9/185 [poisoned by a nagaraja (splash of poison)]
 48832 | Snake:4  | HP: 1/185 [nagaraja/bolt of poison (8)]
 48833 | Snake:3  | Succumbed to a nagaraja's bolt of poison

Illustrated notes

Levels and vault maps discovered:
D:1:      eino_arrival_cavern_c, layout_basic
D:2:      layout_rooms, old_standard_altar, fedhas_altar_4,
          pdpol_wu_jian_five_deadly_venoms, minmay_distorted
D:3:      layout_rooms, lemuel_crystal_altar, lemuel_crystal_altar,
          nemelex_altar_shiori
D:4:      minmay_opposing_rooms, layout_basic
D:5:      layout_rooms, kennysheep_generic_room_14
D:6:      layout_basic, nicolae_overflow_hidden_temple,
          minmay_temple_entry_stoned_glass, ebering_ghost_reflecting_pool,
          gup_ossuary_entry_pyramid, minmay_misc_feat_alley, uniq_duvessa
D:7:      layout_rooms, minmay_microvault
D:8:      layout_cave_pools, overflow_temple_1_default, dpeg_oklobed_lair,
          serial_park_tiny_pond
D:9:      layout_gridville, overflow_temple_1_default, david_orc_2,
          serial_shops, nicolae_shop_behind_doors, grunt_dithmenos_shadows
D:10:     layout_rooms, patterned_corridor
D:11:     layout_basic
D:12:     layout_irregular_city, uniq_psyche
D:13:     layout_big_octagon, david_vaults_5, serial_shops,
          nicolae_shop_waterfront, gauntlet_entry_generic, st_stairs_7,
          minmay_more_statues, uniq_azrael
D:14:     layout_rooms, chequers_big_river
D:15:     hangedman_depths_entry_civil_slaughter, layout_irregular_city,
          minivault_4
Lair:1:   layout_loops_ring, st_stairs_9, infiniplex_staircase_pool
Lair:2:   layout_chaotic_city, wad_woods_river_02
Lair:3:   layout_gridlike, nicolae_quartered_pool_medium,
          chequers_serial_rivers_micro_c
Lair:4:   layout_regular_city, shoals_dummy_entry,
          minmay_snake_entry_guardpost_small, nicolae_volcano_entry_lava_flow
Lair:5:   layout_gridlike, basic_altar, gammafunk_lair_bear_cave,
          grunt_megastairs_1
Lair:6:   cheibrodos_lair_end_hotspot, layout_concentric_octagons,
          dpeg_slime_entry_corner
Shoals:1: layout_shoals, uniq_kirke, uniq_roxanne
Shoals:2: layout_shoals, nicolae_shoals_drake_roost, uniq_polyphemus
Shoals:3: layout_shoals, nicolae_shoals_siren_and_animal_friends
Shoals:4: shoals_end_simple, layout_shoals, serial_shops,
          nicolae_shop_waterfront, lemuel_oklob_altar
Snake:1:  layout_cave_pods, portal_ice_cave_entry_ice_statue_one, serial_shops,
          shop, shop, shop, shop, shop
Snake:2:  layout_basic, serial_bayou_shore_a
Snake:3:  skrybe_snakes_to_sticks, layout_misc_corridors, grunt_megastairs_2,
          uniq_vashnia
Snake:4:  snake_hunt, layout_layer_cave, gammafunk_ghost_split,
          grunt_ministairs_7, nicolae_snake_lava_pool, uniq_asterion,
          uniq_agnes, uniq_louise
Orc:1:    layout_caves, amcnicky_altar_gilded
Orc:2:    st_orc_open, layout_caves, uniq_donald
Elf:1:    eino_elf_arrival_shootout, layout_onion_city, minmay_elf_demonology
Elf:2:    layout_gridlike, minmay_misc_feat_rows

Skill      XL: |  1  2  3  4  5  6  7  8  9 10 11 12 13 14 15 16 17 18 19 |
---------------+----------------------------------------------------------+-----
Fighting       | 4 5 6 7 9 10 11 12 14 16 18 20 | 20.1
Axes           | 4 5 6 8 9 11 12 13 15 16 18 19 20 | 20.0
Shields        | 1 2 3 4 6 8 9 11 12 13 14 15 | 15.0
Armour         | 3 4 5 7 8 9 11 12 13 14 15 16 17 | 17.1
Dodging        | 3 4 5 6 7 8 9 |  9.6
Evocations     | 1 2 4 5 6 7 8 9 10 11 12 13 14 | 14.5

Action                   |  1- 3 |  4- 6 |  7- 9 | 10-12 | 13-15 | 16-18 | 19-21 || total
-------------------------+-------+-------+-------+-------+-------+-------+-------++-------
Melee: Hand axe          |    65 |    82 |   230 |   654 |    47 |       |       ||  1078
       Headbutt          |    10 |    22 |    51 |   206 |   305 |   422 |   110 ||  1126
       Broad axe         |       |       |       |       |   952 |  1323 |   332 ||  2607
Throw: Stone             |     6 |     5 |     2 |    17 |    64 |    22 |     1 ||   117
Invok: Berserk           |     1 |     1 |     5 |     3 |     5 |     2 |     2 ||    19
       Trog's Hand       |       |       |     1 |     2 |       |     6 |       ||     9
       Brothers in Arms  |       |       |       |       |     1 |    11 |     4 ||    16
 Abil: Evoke Blink       |       |       |       |       |     1 |       |       ||     1
Evoke: Wand              |       |       |       |       |    12 |    12 |     5 ||    29
  Use: Scroll            |     3 |       |     1 |     7 |    12 |     2 |     2 ||    27
       Potion            |       |       |       |     6 |     6 |     1 |     1 ||    14
 Stab: Paralysed         |       |       |       |       |     1 |       |     2 ||     3
       Petrified         |       |       |       |       |       |     2 |       ||     2
       Distracted        |       |       |       |       |       |     2 |       ||     2
Armor: Animal skin       |     6 |       |       |       |       |       |       ||     6
       Chain mail        |    21 |    32 |    76 |   150 |   346 |   351 |    94 ||  1070
Dodge: Dodged            |    39 |    23 |    83 |   305 |   557 |   358 |    92 ||  1457
Block: Kite shield       |       |    26 |    36 |       |   462 |   813 |   209 ||  1546
       Buckler           |       |       |    33 |   194 |   239 |       |       ||   466
